 Dungeon Crawl Stone Soup version 0.22.0-38-g04b72b8c25 (webtiles) character file.

11 RaKsO24 the Gusty (level 2, 0/15 HPs)
             Began as a Gargoyle Air Elementalist on Aug 29, 2018.
             Slain by a hobgoblin
             ... wielding a +0 club
              (3 damage)
             ... on level 2 of the Dungeon.
             The game lasted 00:05:48 (1195 turns).

RaKsO24 the Gusty (Gargoyle Air Elementalist)       Turns: 1195, Time: 00:05:48

Health: 0/15       AC:  4    Str: 11    XL:     2   Next: 25%
Magic:  4/5        EV: 12    Int: 15    God:
Gold:   69         SH:  0    Dex: 10    Spells: 4/5 levels left

rFire    . . .     SeeInvis .   (no weapon)
rCold    . . .     Gourm    .   (no shield)
rNeg     + . .     Faith    .   a - +0 robe
rPois    ∞         Spirit   .   (no helmet)
rElec    +         Reflect  .   (no cloak)
rCorr    .         Harm     .   (no gloves)
MR       .....                  (no boots)
Stlth    ++........             (no amulet)
HPRegen  0.05/turn              (no ring)
MPRegen  0.09/turn              (no ring)

@: no status effects
A: negative energy resistance 1, electricity resistance, unbreathing,
petrification resistance, rot immunity, AC +2
a: no special abilities


You were on level 2 of the Dungeon.
You were not hungry.

You visited 1 branch of the dungeon, and saw 2 of its levels.

You collected 69 gold pieces.

Inventory:

Armour
 a - a +0 robe (worn)
Jewellery
 j - an uncursed ring of ice {unknown}
Scrolls
 b - 2 scrolls of identify
 d - a scroll of enchant armour {unknown}
 e - a scroll of amnesia {unknown}
 g - a scroll of teleportation
 i - a scroll of magic mapping {unknown}
Potions
 f - a potion of curing {unknown}
Comestibles
 c - 4 rations


   Skills:
 - Level 1.5 Dodging
 - Level 2.1 Stealth
 - Level 2.1 Spellcasting
 - Level 1.1 Conjurations
 + Level 2.9 Air Magic


You had 4 spell levels left.
You knew the following spells:

 Your Spells              Type           Power        Failure   Level  Hunger
a - Shock                 Conj/Air       #...         10%         1    #......

Your spell library contained the following spells:

 Spells                   Type           Power        Failure   Level  Hunger
 Swiftness                Chrm/Air       #.......     19%         2    ###....
 Static Discharge         Conj/Air       #.......     28%         3    ###....
 Airstrike                Air            ##........   54%         4    #####..
 Lightning Bolt           Conj/Air       #.........   95%         5    ######.


Dungeon Overview and Level Annotations

Branches:
Dungeon (2/15)

Altars:


Innate Abilities, Weirdness & Mutations

You are resistant to torment.
Your stone body is resilient. (AC +2)
You are immune to poison.
You resist negative energy. (rN+)
You are resistant to electric shocks. (rElec)
You can survive without breathing.
You are immune to petrification.
You are immune to rotting.


Message History

The bat hits you but does no damage.
Casting: Shock (safe; 10% risk of failure)
Confirm with . or Enter, or press ? or * to list all spells.
Aiming: Shock (safe; 10% risk of failure)
Press: ? - help, Shift-Dir - straight line, f/p - bat
Aim: a bat (severely wounded)
The zap hits the bat.
You kill the bat!
The worm is too close now for your liking.
A hobgoblin comes into view. It is wielding a club.
The hobgoblin shouts!
Found a mace.
All of the chunks of flesh in your inventory have rotted away.
Found a mace.
The hobgoblin is too close now for your liking.
You see here a mace.
You open the door. The hobgoblin closely misses you.
There is an open door here.
The hobgoblin hits you with a club.
You die...

...#.........#
##.#.#######.#
....)....# #.#
.#.#.###.# #.#
.#)#.###+###'######
..................#
.#.#.##...........#
##.#.##..w.....g..#####
#.#.####+#.....@.....#
##.#.####.#.#########.#
.......g.....
####.####...#
........##..# .
.###.##.##. .## .#
#.##.# .#.. .....##.#
..## #######†###....


You could see a worm and a hobgoblin.

Vanquished Creatures
  2 giant cockroaches
  2 goblins (D:1)
  A hobgoblin (D:1)
  2 bats (D:2)
  A frilled lizard (D:2)
  2 kobolds
  A rat (D:2)
11 creatures vanquished.

Notes
Turn   | Place    | Note
-------+----------+-------------------------------------------
     0 | D:1      | RaKsO24 the Gargoyle Air Elementalist began the quest for the Orb.
     0 | D:1      | Reached XP level 1. HP: 10/10 MP: 3/3
   829 | D:2      | Reached XP level 2. HP: 15/15 MP: 0/5
  1195 | D:2      | Slain by a hobgoblin

Action                   || total
-------------------------++-------
Melee: Unarmed           ||    16
 Cast: Shock             ||    32
  Use: Scroll            ||     2
  Eat: Chunk             ||     1
Armor: Robe              ||    29
Dodge: Dodged            ||    55
